 Dungeon Crawl Stone Soup version 0.23-a0-408-g9d4b7ed (webtiles) character file.

84 Steerpike the Chopper (level 4, -3/35 HPs)
             Began as a Demonspawn Abyssal Knight on Nov 8, 2018.
             Was a Follower of Lugonu.
             Killed by divine providence
             ... invoked by an orc priest
              (15 damage)
             ... on level 3 of the Dungeon.
             The game lasted 00:03:33 (2333 turns).

Steerpike the Chopper (Demonspawn Abyssal Knight)   Turns: 2333, Time: 00:03:33

Health: -3/35      AC:  9    Str: 13    XL:     4   Next: 23%
Magic:  5/5        EV:  5    Int: 14    God:    Lugonu [*.....]
Gold:   232        SH:  7    Dex: 12    Spells: 3/3 levels left

rFire    . . .     SeeInvis .   a - +1 hand axe
rCold    . . .     Gourm    .   r - +0 buckler
rNeg     . . .     Faith    .   d - +0 chain mail
rPois    .         Spirit   .   (no helmet)
rElec    .         Reflect  .   (no cloak)
rCorr    .         Harm     .   (no gloves)
MR       .....                  (no boots)
Stlth    ..........             (no amulet)
HPRegen  0.11/turn              (no ring)
MPRegen  0.09/turn              (no ring)

@: no status effects
A: large bone plates 1, demonic guardian 1, powered by death 1
a: Depart the Abyss, Renounce Religion


You were on level 3 of the Dungeon.
You worshipped Lugonu.
Lugonu was aware of your devotion.
You were not hungry.

You visited 1 branch of the dungeon, and saw 3 of its levels.
You visited the Abyss 1 time.

You collected 232 gold pieces.

Inventory:

Hand Weapons
 a - a +1 hand axe (weapon)
Missiles
 f - 7 tomahawks (quivered)
 h - 59 arrows
Armour
 b - a +0 leather armour
 d - a +0 chain mail (worn)
 r - a +0 buckler (worn)
Jewellery
 o - an uncursed ring of stealth {unknown}
Scrolls
 e - a scroll of fear {unknown}
 i - 4 scrolls of remove curse {unknown}
 j - a scroll of magic mapping {unknown}
 k - a scroll of noise {unknown}
 m - 2 scrolls of identify {unknown}
 n - a scroll of random uselessness {unknown}
Potions
 g - 2 potions of might {unknown}
 l - 2 potions of heal wounds {unknown}
 p - a potion of haste {unknown}
Comestibles
 c - 6 rations
 q - 2 chunks of flesh


   Skills:
 - Level 3.0 Fighting
 + Level 3.5 Axes
 + Level 2.7 Armour
 - Level 0.8 Dodging
 + Level 0.1 Shields
 - Level 2.4 Invocations


You had 3 spell levels left.
You didn't know any spells.
Your spell library was empty.

Dungeon Overview and Level Annotations

Branches:
Dungeon (3/15)

Altars:
Dithmenos
Qazlal


Innate Abilities, Weirdness & Mutations

You are partially covered in large bone plates. (SH +4)
A weak demonic guardian rushes to your aid.
You regenerate a little health from kills.


Message History

Lugonu accepts your kill.
You have reached level 4!
You feel clever.
Your demonic ancestry asserts itself...
A wave of death washes over you.
Your iron imp closely misses the orc priest.
The orc priest hits your iron imp with a +0 hand axe.
The orc hits you but does no damage. What are your orders? t - Shout!
Orders for allies: a - Attack new target. r - Retreat! s - Stop attacking. g - Guard the area. f - Follow me.
Anything else - Cancel.
Gang up on whom?
Press: ? - help, Dir - move target cursor, f - orc priest
Aim: an orc priest, wielding a +0 hand axe (moderately wounded) Attack!
Your iron imp hits the orc priest!
The orc priest mumbles some strange prayers to Beogh against you.
Beogh smites you!
You die...

#.....?.##
#........##...
#.............
######o.....##.....
...........## .o._
######..†...##. $o
.### ##.o........
.....###.5o......##
#.#....@5o..##.## .
#.....5.######.##.
##...#............
....#...........#.
... #.##........#
..
...##...)....##(#
..................#
.#........<......##
..................


You could see an orc priest, an orc wizard, 2 orcs, a friendly iron imp, a
friendly white imp and a friendly ufetubus.

Vanquished Creatures
  3 adders (D:2)
  5 bats
  A giant cockroach (D:1)
  3 goblins
  8 hobgoblins
  5 jackals
  A ball python (D:3)
  5 frilled lizards
  A kobold (D:1)
  3 rats
35 creatures vanquished.

Vanquished Creatures (collateral kills)
  An orc wizard (D:3)
  A rat (D:3)
2 creatures vanquished.

Grand Total: 37 creatures vanquished

Notes
Turn   | Place    | Note
-------+----------+-------------------------------------------
     0 | Abyss:1  | Steerpike the Demonspawn Abyssal Knight began the quest for
                  | the Orb.
     0 | Abyss:1  | Reached XP level 1. HP: 18/18 MP: 2/2
    25 | Abyss:2  | Found a corrupted altar of Lugonu.
    38 | Abyss:2  | Noticed a neqoxec
    59 | Abyss:2  | Noticed a jelly
    67 | Abyss:2  | Noticed a raiju
    71 | Abyss:2  | Noticed a smoke demon
    72 | D:1      | Escaped the Abyss
   395 | D:1      | Reached * piety under Lugonu
   395 | D:1      | Gained mutation: You are partially covered in large bone
                  | plates. (SH +4) [demonic ancestry]
   395 | D:1      | Reached XP level 2. HP: 24/24 MP: 3/3
  1042 | D:2      | Gained mutation: A weak demonic guardian rushes to your
                  | aid. [demonic ancestry]
  1042 | D:2      | Reached XP level 3. HP: 18/29 MP: 4/4
  1951 | D:2      | Found a stormy altar of Qazlal.
  2312 | D:3      | Found a shadowy altar of Dithmenos.
  2332 | D:3      | Gained mutation: You regenerate a little health from kills.
                  | [demonic ancestry]
  2332 | D:3      | Reached XP level 4. HP: 12/35 MP: 5/5
  2333 | D:3      | Killed from afar by an orc priest

Vault maps used:
D:1:      scummos_arrival_checkerplants
D:2:      lemuel_round_altar, first_ration, chequers_hall_statues_y
D:3:      nicolae_dithmenos_shadow_blocks
Abyss:2:  guppyfry_abyss_exit_glass_guarded

Skill      XL: |  1  2  3 |
---------------+----------+-----
Axes           | 2 3 |  3.5
Armour         | 2 |  2.7
Fighting       | |  3.0
Dodging        | |  0.8
Shields        | |  0.1
Invocations    | |  2.4

Action                   |  1- 3 |  4- 6 || total
-------------------------+-------+-------++-------
Melee: Hand axe          |   168 |       ||   168
Invok: Depart the Abyss  |     1 |       ||     1
  Eat: Chunk             |     5 |       ||     5
Armor: Chain mail        |   129 |       ||   129
Dodge: Dodged            |    60 |       ||    60
Block: Other             |    23 |       ||    23
       Buckler           |     1 |       ||     1

Table legend:
 A = Non-vault XP
 B = Vault XP
 C = Vault XP percentage of total XP
 D = Non-vault monster count
 E = Vault monster count
 F = Vault count percentage of total count
                 A         B        C        D         E       F
            +---------+---------+-------+---------+---------+-------
      Total |     120 |       0 |   0.0 |      37 |       0 |   0.0
            +---------+---------+-------+---------+---------+-------
        D:1 |      34 |       0 |   0.0 |      20 |       0 |   0.0
        D:2 |      59 |       0 |   0.0 |      14 |       0 |   0.0
        D:3 |      27 |       0 |   0.0 |       3 |       0 |   0.0
            +---------+---------+-------+---------+---------+-------
